 Dungeon Crawl Stone Soup version 0.29-a0-111-gbaf749a769 (webtiles) character file.

Game seed: 6942158802710427297

54 drugrobin the Poker (level 3, -2/29 HPs)
             Began as a Demigod Warper on Feb 18, 2022.
             Succumbed to an adder's poison
             ... on level 2 of the Dungeon.
             The game lasted 00:06:32 (2611 turns).

drugrobin the Poker (Demigod Warper)                Turns: 2611, Time: 00:06:33

Health: -2/29      AC:  4    Str: 16    XL:     3   Next: 44%
Magic:  8/8        EV: 11    Int: 15    God:
Gold:   67         SH:  0    Dex: 13    Spells: 0/5 levels left

rFire   . . .      SeeInvis .   a - +0 spear
rCold   . . .      Faith    .   (no shield)
rNeg    . . .      Spirit   .   b - +0 leather armour
rPois   .          Reflect  .   (no helmet)
rElec   .          Harm     .   (no cloak)
rCorr   .          Rampage  .   g - +0 pair of gloves
Will    .....                   (no boots)
Stlth   +.........              (no amulet)
HPRegen 0.09/turn               (no ring)
MPRegen 0.11/turn               (no ring)

@: lethally poisoned (-2 -> -12)
A: high MP 1, forlorn, divine attributes
a: no special abilities


You were on level 2 of the Dungeon.
You visited 1 branch of the dungeon, and saw 2 of its levels.

You collected 67 gold pieces.

Inventory:

Hand Weapons
 a - a +0 spear (weapon)
Armour
 b - a +0 leather armour (worn)
 g - a +0 pair of gloves (worn)
Magical Staves
 h - a staff of death
Scrolls
 c - a scroll of blinking
 e - a scroll of identify {unknown}
 f - a scroll of noise {unknown}
 j - 3 scrolls of magic mapping {unknown}
 m - a scroll of teleportation {unknown}
Potions
 i - a potion of brilliance {unknown}
 k - a potion of haste {unknown}
 l - a potion of curing {unknown}


   Skills:
 - Level 1.7 Fighting
 * Level 3.5 Polearms
 - Level 0.8 Throwing
 - Level 0.8 Armour
 - Level 1.7 Dodging
 + Level 0.6 Stealth
 - Level 1.7 Spellcasting
 - Level 2.6 Translocations


You couldn't memorise any spells.
You knew the following spells:

 Your Spells              Type           Power      Damage    Failure   Level
a - Blink                 Tloc           18%        N/A       14%         2
b - Teleport Other        Tloc           9%         N/A       28%         3

Your spell library contained the following spells:

 Spells                   Type           Power      Damage    Failure   Level
 Gell's Gravitas          Tloc           9%         N/A       28%         3
 Lesser Beckoning         Tloc           9%         N/A       28%         3
 Manifold Assault         Tloc           9%         N/A       95%         5


Dungeon Overview and Level Annotations

Branches:
Dungeon (2/15)


Innate Abilities, Weirdness & Mutations

You have an increased reservoir of magic. (+10% MP)
You shall have no god before yourself.
Your divine heritage dramatically boosts your attributes as you level up.


Message History

You feel sick. The adder barely misses you.
The adder bites you but does no damage.
Throw: 4 boomerangs (disperse)
Press: ? - help, Q - select action, (/) - cycle Shift-Dir - straight line, f - adder
Aim: an adder (moderately wounded, 35% to hit)
You throw a boomerang of dispersal.
The boomerang of dispersal barely misses the adder.
You feel sick. The adder bites you.
* * * LOW HITPOINT WARNING * * *
You are lethally poisoned!
The adder poisons you!
Unknown command.
Throw: 3 boomerangs (disperse)
Press: ? - help, Q - select action, (/) - cycle Shift-Dir - straight line, f/p - adder
Aim: an adder (moderately wounded, 35% to hit)
You throw a boomerang of dispersal.
The boomerang of dispersal hits the adder but does no damage.
The adder is moderately wounded.
* * * LOW HITPOINT WARNING * * *
You feel sick. The adder bites you but does no damage.
The adder closely misses you.
Unknown command.
Throw: 2 boomerangs (disperse)
Press: ? - help, Q - select action, (/) - cycle Shift-Dir - straight line, f/p - adder
Aim: an adder (moderately wounded, 35% to hit)
You throw a boomerang of dispersal.
The boomerang of dispersal closely misses the adder.
* * * LOW HITPOINT WARNING * * *
You feel sick. The adder closely misses you. The adder bites you.
* * * LOW HITPOINT WARNING * * *
You are more poisoned.
The adder poisons you!
Throw: boomerang (disperse)
Press: ? - help, Q - select action, (/) - cycle Shift-Dir - straight line, f/p - adder
Aim: an adder (moderately wounded, 35% to hit)
You throw a boomerang of dispersal.
The boomerang of dispersal hits the adder.
The adder blinks!
The adder is heavily wounded.
You die...

..... ## #......S# ..... ...
#.......# ..... .... ........#
..... ..##.......# ..... ..
.......... ..... ... #......
..... ....#...§# .....
....#..@.#.# . #####
.........#.##.#
########.#........#....#
................†...#
.>....##...#.#......#
..........##.#......##
.......#.............############
..........##.....................
..........####...>...############


You could see an adder.

Vanquished Creatures
  2 worms (D:2)
  2 dart slugs
  6 endoplasms
  A giant cockroach (D:1)
  A hobgoblin (D:1)
  3 jackals (D:1)
  A quokka (D:1)
  2 ball pythons
  8 bats
  2 frilled lizards (D:1)
  2 goblins
  6 kobolds (D:1)
  8 rats
44 creatures vanquished.

Notes
Turn   | Place    | Note
-------+----------+-------------------------------------------
     0 | D:1      | drugrobin the Demigod Warper began the quest for the Orb.
     0 | D:1      | Reached XP level 1. HP: 17/17 MP: 5/5
    30 | D:1      | Reached skill level 2 in Polearms
   149 | D:1      | Reached XP level 2. HP: 10/24 MP: 7/7
   752 | D:1      | Reached skill level 3 in Polearms
  1320 | D:1      | Reached XP level 3. HP: 26/29 MP: 8/8
  1802 | D:2      | Learned a level 2 spell: Blink
  2496 | D:1      | Learned a level 3 spell: Teleport Other
  2610 | D:2      | HP: 1/29 [adder (2)]
  2611 | D:2      | Succumbed to an adder's poison

Illustrated notes

Levels and vault maps discovered:
D:1:      evilmike_arrival_crescent, layout_loops_ring, minmay_misc_feat_iff,
          chequers_serial_rivers_large_b
D:2:      layout_rooms

Skill      XL: |  1  2 |
---------------+-------+-----
Polearms       | 2 3 |  3.5
Fighting       | |  1.7
Throwing       | |  0.8
Armour         | |  0.8
Dodging        | |  1.7
Stealth        | |  0.6
Spellcasting   | |  1.7
Translocations | |  2.6

Action                   || total
-------------------------++-------
Melee: Spear             ||   228
       Punch             ||     2
Throw: Boomerang         ||     5
 Cast: Blink             ||     1
 Stab: Sleeping          ||     3
Armor: Leather armour    ||    55
Dodge: Dodged            ||   118

Table legend: (Time is in decaauts)
 A = Elapsed time spent in this place.
 B = Non-inter-level travel time spent in this place.
 C = Inter-level travel time spent in this place.
 D = Time resting spent in this place.
 E = Time spent auto-exploring this place.
 F = Levels seen in this place.
 G = Mean time per level.
                   A        B        C        D        E       F      G
               +--------+--------+--------+--------+--------+-----+--------+
         Total |   2653 |   2515 |    138 |    368 |   1643 |   2 | 1326.5 |
       Dungeon |   2653 |   2515 |    138 |    368 |   1643 |   2 | 1326.5 |
               +--------+--------+--------+--------+--------+-----+--------+

Top non-repeatable levels by time:
     D:1: 1873 daAuts
     D:2: 779 daAuts
